 Dungeon Crawl Stone Soup version 0.19-a0 (webtiles) character file.

12 Loki the Grave Robber (level 2, 0/17 HPs)
             Began as an Octopode Necromancer on Apr 27, 2016.
             Slain by an orc
             ... wielding a +0 short sword
              (4 damage)
             ... on level 3 of the Dungeon.
             The game lasted 00:03:21 (275 turns).

Loki the Grave Robber (Octopode Necromancer)         Turns: 275, Time: 00:03:22

Health: 0/17       AC:  1    Str:  7    XL:     2   Next: 33%
Magic:  2/5        EV: 12    Int: 17    God:
Gold:   28         SH:  0    Dex: 12    Spells: 1 memorised, 4 levels left

rFire  . . .     SeeInvis .       - Unarmed
rCold  . . .     Gourm    .     (no shield)
rNeg   . . .     Faith    .     (helmet restricted)
rPois  .         Spirit   .     (no amulet)
rElec  .         Dismiss  .     f - ring of wizardry
rCorr  .         Reflect  .     (no ring)
SustAt .         Harm     .     (no ring)
MR     .....                    (no ring)
Stlth  +++.......               (no ring)
                                (no ring)
                                (no ring)
                                (no ring)

@: not resistant to hostile enchantments, fairly stealthy
A: almost no armour, amphibious, 8 rings, constrict 8, camouflage 1, gelatinous
body 1
a: no special abilities


You were on level 3 of the Dungeon.
You were not hungry.

You visited 1 branch of the dungeon, and saw 3 of its levels.

You collected 28 gold pieces.

Inventory:

Jewellery
 f - a ring of wizardry (left tentacle)
Scrolls
 d - a scroll of noise {unknown}
 h - a scroll of remove curse {unknown}
 j - a scroll of identify {unknown}
Potions
 c - 2 potions of haste {unknown}
 e - a potion of brilliance {unknown}
 i - a potion of mutation {unknown}
Books
 a - a book of Necromancy

   Spells                             Type                      Level
   a - Pain                           Necromancy                   1
   b - Animate Skeleton               Necromancy                   1
   c - Vampiric Draining              Necromancy                   3
   d - Regeneration                   Charms/Necromancy            3
   e - Animate Dead                   Necromancy                   4
   f - Control Undead                 Necromancy                   4
Comestibles
 b - 3 bread rations
 g - a beef jerky


   Skills:
 - Level 2.0 Dodging
 - Level 2.6 Stealth
 + Level 1.9 Unarmed Combat
 - Level 2.0 Spellcasting
 - Level 4.0 Necromancy


You had 4 spell levels left.
You knew the following spells:

 Your Spells              Type           Power        Failure   Level  Hunger
a - Pain                  Necr           ###.         1%          1    #......


Dungeon Overview and Level Annotations

Branches:
Dungeon (3/15)

Altars:
Elyvilon


Innate Abilities, Weirdness & Mutations

You cannot wear most types of armour.
You are amphibious.
You can wear up to eight rings at the same time.
You can use your tentacles to constrict eight enemies at once.
Your skin changes colour to match your surroundings (Stealth).
Your rubbery body absorbs attacks (AC +1).


Message History

Found a stone staircase leading down.
Casting: Pain
Confirm with . or Enter, or press ? or * to list all spells.
Aiming: Pain
Press: ? - help, Shift-Dir - straight line, f - kobold
Aim: a kobold (resting, chance to defeat MR: 92%)
The kobold shouts!
The kobold convulses in agony!
You kill the kobold!
Found a scroll labeled QURUTT TOUDUOPNAIGG.
Found 18 sling bullets.
A giant newt comes into view.
Casting: Pain
Confirm with . or Enter, or press ? or * to list all spells.
Aiming: Pain
Press: ? - help, Shift-Dir - straight line, f - orc
Aim: an orc, wielding a short sword (chance to defeat MR: 92%)
The orc convulses in agony!
The giant newt moves out of view.
The orc hits you with a short sword.
You die...

##### #...#
##.<.#
#....# §
##...##
§?##....#
P§§§....##
§§§§§.†.#
..§§Z.o@#
....##....#
##.. ##.(.#
#. #....
##.>.#
#...# #####


You could see an orc and a jackal zombie.

Vanquished Creatures
  An ooze (D:1)
  A giant cockroach (D:3)
  A goblin (D:1)
  2 kobolds
  A giant newt (D:1)
  2 rats
8 creatures vanquished.

Notes
Turn   | Place    | Note
--------------------------------------------------------------
     0 | D:1      | Loki the Octopode Necromancer began the quest for the Orb.
     0 | D:1      | Reached XP level 1. HP: 11/11 MP: 3/3
    40 | D:1      | Reached skill level 1 in Unarmed Combat
    81 | D:1      | Reached XP level 2. HP: 2/17 MP: 1/5
   197 | D:2      | Found a white marble altar of Elyvilon.
   275 | D:3      | Slain by an orc

Vault maps used:
D:1:      eino_arrival_tree_alley
D:2:      nicolae_overflow_hidden_temple
D:3:      serial_undead, serial_undead_c, serial_undead_f, serial_undead_e,
          serial_undead_b, grunt_ministairs_12, uniq_crazy_yiuf_cottage,
          uniq_purgy

Skill      XL: |  1 |
---------------+----+-----
Unarmed Combat | 1 |  1.9
Dodging        | |  2.0
Stealth        | |  2.6
Spellcasting   | |  2.0
Necromancy     | |  4.0

Action                   || total
-------------------------++-------
Melee: Unarmed           ||    10
       Tentacles         ||     3
       Constrict         ||     2
 Cast: Pain              ||     8
 Stab: Sleeping          ||     1
Dodge: Dodged            ||     4
